 Dungeon Crawl Stone Soup version 0.28-a0-194-g42b4daccc1 (webtiles) character file.

Game seed: 15487647631431539294

4223 robb4 the Carver (level 10, -6/86 HPs)
             Began as a Minotaur Fighter on Aug 17, 2021.
             Was an Elder of Zin.
             Shot with a sling bullet by Joseph (7 damage)
             ... on level 8 of the Dungeon on Aug 18, 2021.
             The game lasted 00:33:21 (8015 turns).

robb4 the Carver (Minotaur Fighter)                 Turns: 8015, Time: 00:33:22

Health: -6/86      AC: 11    Str: 28    XL:     10   Next: 9%
Magic:  7/9        EV: 29    Int:  8    God:    Zin [****..]
Gold:   145        SH: 10    Dex: 12    Spells: 9/9 levels left

rFire   + . .      SeeInvis .   C - +3 short sword (freeze)
rCold   . . .      Faith    .   c - +0 kite shield
rNeg    . . .      Spirit   .   y - +3 scale mail of Resourcefulness {rF+}
rPois   ∞          Reflect  .   (helmet restricted)
rElec   .          Harm     .   (no cloak)
rCorr   .          Rampage  .   (no gloves)
Will    .....                   (no boots)
Stlth   ..........              s - amulet of the acrobat
HPRegen 0.24/turn               m - +6 ring of strength
MPRegen 0.11/turn               x - +4 ring of evasion

@: vitalised, acrobatic
A: horns 2, retaliatory headbutt
a: Renounce Religion, Recite, Vitalisation, Imprison, Donate Gold


You were on level 8 of the Dungeon.
You worshipped Zin.
Zin was greatly pleased with you.
You visited 1 branch of the dungeon, and saw 8 of its levels.

You collected 315 gold pieces.
You donated 170 gold pieces to Zin.

Inventory:

Hand Weapons
 a - a +0 long sword
 d - a +4 great sword
 u - a +0 whip of flaming
 C - a +3 short sword of freezing (weapon)
 D - a +3 halberd
Missiles
 q - 5 silver javelins (quivered)
Armour
 c - a +0 kite shield (worn)
 y - the +3 scale mail of Resourcefulness (worn) {rF+}
   (You found it on level 5 of the Dungeon)

   rF:        It protects you from fire.
Magical Staves
 t - a staff of cold
Jewellery
 m - a +6 ring of strength (left hand)
 s - an amulet of the acrobat (around neck)
 x - a +4 ring of evasion (right hand)
Wands
 i - a wand of flame (30)
 z - a wand of paralysis (6)
Scrolls
 e - 6 scrolls of identify {unknown}
 f - a scroll of acquirement {unknown}
 g - a scroll of blinking {unknown}
 j - 2 scrolls of fog {unknown}
 o - 2 scrolls of amnesia {unknown}
 r - 2 scrolls of immolation {unknown}
 v - a scroll of noise {unknown}
 w - a scroll of enchant weapon {unknown}
 B - a scroll of brand weapon {unknown}
 F - 2 scrolls of fear {unknown}
 G - 2 scrolls of teleportation {unknown}
Potions
 b - a potion of resistance {unknown}
 h - 2 potions of degeneration {unknown}
 k - a potion of ambrosia {unknown}
 l - 2 potions of berserk rage {unknown}
 n - a potion of flight {unknown}
 p - 3 potions of curing {unknown}
 A - a potion of lignification {unknown}
 E - 2 potions of heal wounds {unknown}


   Skills:
 + Level 7.1 Fighting
 + Level 4.1(6.8) Short Blades
 + Level 9.2(9.7) Long Blades
 + Level 9.1 Armour
 + Level 4.1 Dodging
 + Level 1.8 Stealth
 + Level 9.0 Shields


You had 9 spell levels left.
You didn't know any spells.
Your spell library contained the following spells:

 Spells                   Type           Power      Damage    Failure   Level
 Animate Skeleton         Necr           0%         N/A       88%         1
 Pain                     Necr           0%         1d4       88%         1
 Slow                     Hex            0%         N/A       95%         2
 Confusing Touch          Hex            0%         N/A       99%         3
 Vampiric Draining        Necr           0%         2d6       99%         3
 Yara's Violent Unravell  Hex/Tmut       0%         3d3       100%        5


Dungeon Overview and Level Annotations

Branches:
Dungeon (8/15)             Temple (0/1) D:4
   Lair: D:8-11

Altars:
Dithmenos
Zin

Shops:
D:1 [

Annotations:
D:8 Joseph


Innate Abilities, Weirdness & Mutations

You have a pair of horns on your head.
You reflexively headbutt those who attack you in melee.


Message History

You kill the gnoll!
You pay a tithe of 1 gold.
You now have 145 gold pieces (gained 6).
Things that are here:
a +0 spear; a gnoll corpse Joseph, a Mercenary comes into view.
He is wielding a +0 quarterstaff.
Joseph hits you with a +0 quarterstaff! Joseph completely misses you.
Joseph completely misses you. Joseph hits you with a +0 quarterstaff!
* * * LOW HITPOINT WARNING * * *
Joseph barely misses you. You furiously retaliate!
You headbutt Joseph! You block Joseph's attack. Joseph barely misses you.
You furiously retaliate!
You headbutt Joseph! Joseph completely misses you. You furiously retaliate!
You headbutt Joseph. Joseph closely misses you. Joseph completely misses you.
Joseph completely misses you.
You barely miss Joseph.
Joseph is heavily wounded.
You block Joseph's attack.
You closely miss Joseph.
Joseph is moderately wounded.
Joseph barely misses you.
You puncture Joseph! You freeze Joseph.
Joseph is heavily wounded.
Joseph hits you with a +0 quarterstaff!
* * * LOW HITPOINT WARNING * * *
You hit Joseph. You freeze Joseph. You headbutt Joseph!
Joseph is severely wounded.
You block Joseph's attack.
You closely miss Joseph.
Joseph is severely wounded.
Joseph hits you with a +0 quarterstaff!
* * * LOW HITPOINT WARNING * * *
Zin grants you divine stamina. Joseph closely misses you.
Joseph unwields a +0 quarterstaff.
Joseph wields a +0 hunting sling.
Joseph shoots a sling bullet.
The sling bullet hits you!
You die...

5PP...P...............P
PPP...PPP....#.....♣♣..
.............##[..P♣
....>........###...P...
.............## .......
PPP...PPPP....##.......
P.P...PP.P.......###.#.
..P...P.♣P..#.#### (..
PPP...PPP.)@...# #.
..........)..)##
..........@##........
..#####..##..........
##.. ..........
..............
##.............
g.............
..............


You could see Joseph.

Vanquished Creatures
  Pikel (D:4)
  5 yaks (D:8)
  Duvessa (D:4)
  An orc warrior (D:6)
  4 black bears
  A sky beast (D:6)
  2 ice beasts (D:5)
  2 centaurs
  2 ogres (D:6)
  A phantom (D:5)
  A kobold brigand (D:7)
  2 bullfrogs (D:7)
  A gnoll sergeant (D:8)
  4 scorpions
  Dowan (D:4)
  9 wights
  A howler monkey (D:8)
  4 jellies
  2 centaur skeletons
  3 orc priests
  A gnoll shaman (D:6)
  A bullfrog skeleton (D:5)
  3 iguanas
  5 orc wizards
  A howler monkey skeleton (D:7)
  15 gnolls
  5 adders
  A white imp (D:5)
  2 ufetubi
  2 worms
  5 dart slugs
  18 orcs
  9 ball pythons
  4 bats
  4 endoplasms
  A giant cockroach (D:3)
  5 hobgoblins
  2 jackals (D:2)
  7 kobolds
  3 quokkas
  3 frilled lizards
  10 goblins
  4 rats
  2 bushes (D:8)
161 creatures vanquished.

Notes
Turn   | Place    | Note
-------+----------+-------------------------------------------
     0 | D:1      | robb4 the Minotaur Fighter began the quest for the Orb.
     0 | D:1      | Reached XP level 1. HP: 19/19 MP: 0/0
   103 | D:1      | Found Pucucrog's Armour Shoppe.
   175 | D:1      | Reached XP level 2. HP: 26/27 MP: 1/1
   217 | D:1      | Found a faded altar of an unknown god.
   228 | D:1      | Became a worshipper of Zin the Law-Giver
   228 | D:1      | Reached * piety under Zin
   851 | D:1      | Donated 14 gold pieces to Zin
   895 | D:2      | Reached XP level 3. HP: 12/33 MP: 2/2
   899 | D:2      | Reached skill level 1 in Dodging
  1873 | D:3      | Reached ** piety under Zin
  1892 | D:3      | Noticed a black bear
  1905 | D:3      | Killed a black bear
  1906 | D:3      | Reached XP level 4. HP: 13/40 MP: 3/3
  1906 | D:3      | Reached XP level 5. HP: 15/46 MP: 4/4
  2766 | D:3      | Reached *** piety under Zin
  3089 | D:3      | Donated 62 gold pieces to Zin
  3091 | D:4      | Noticed Duvessa
  3132 | D:3      | Reached skill level 5 in Shields
  3134 | D:3      | Reached XP level 6. HP: 37/53 MP: 5/5
  3141 | D:4      | Noticed Dowan
  3404 | D:4      | Killed Duvessa
  3405 | D:4      | Reached skill level 5 in Armour
  3869 | D:4      | Killed Dowan
  3948 | D:4      | Reached skill level 5 in Long Blades
  3948 | D:4      | Reached XP level 7. HP: 44/60 MP: 6/6
  4060 | D:4      | Noticed Pikel
  4076 | D:4      | Killed Pikel
  4077 | D:4      | Reached skill level 5 in Fighting
  4077 | D:4      | Reached XP level 8. HP: 46/69 MP: 7/7
  4236 | D:4      | Found a staircase to the Ecumenical Temple.
  4659 | D:4      | Donated 63 gold pieces to Zin
  4676 | D:5      | Entered Level 5 of the Dungeon
  4695 | D:5      | Reached **** piety under Zin
  5175 | D:5      | Identified the +3 scale mail of Resourcefulness {rF+}
  5441 | D:5      | Reached skill level 1 in Stealth
  5588 | D:5      | Upgraded the game from 0.28-a0-175-gb2089b6bb7 to
                  | 0.28-a0-194-g42b4daccc1
  5812 | D:6      | Reached XP level 9. HP: 33/75 MP: 8/8
  6622 | D:6      | Found a shadowy altar of Dithmenos.
  7184 | D:7      | Reached skill level 1 in Short Blades
  7855 | D:8      | Reached XP level 10. HP: 27/85 MP: 9/9
  7996 | D:8      | Noticed Joseph
  8013 | D:8      | HP: 1/86 [Joseph (13)]
  8015 | D:8      | Shot with a sling bullet by Joseph

Illustrated notes

Levels and vault maps discovered:
D:1:      minmay_arrival_wavy_path, layout_loops_ring, serial_shops,
          shop_statue, dreamdust_ecumenical_altar_angels_and_demons,
          corexii_leaking_fountain, minmay_tree_intersection
D:2:      layout_loops_ring
D:3:      layout_basic, minmay_misc_feat_rows, minmay_pentangle
D:4:      layout_rooms, minmay_temple_entry_tees, minivault_11, uniq_pikel,
          uniq_duvessa
D:5:      layout_loops_ring, roderic_roman_lattice, columned_hall_lemuel
D:6:      layout_loops_ring, overflow_temple_1_default
D:7:      layout_loops_corners
D:8:      layout_cave_pools, serial_park, serial_park_square2,
          serial_park_square1 [serial_park_minivault_5x5_6], uniq_joseph

Skill      XL: |  1  2  3  4  5  6  7  8  9 10 |
---------------+-------------------------------+-----
Shields        | 4 5 6 7 9 |  9.0
Armour         | 4 5 6 8 9 |  9.1
Dodging        | 2 3 4 |  4.1
Fighting       | 4 5 6 7 |  7.1
Long Blades    | 3 4 5 7 9 |  9.2
Stealth        | 1 |  1.8
Short Blades   | 3 4 |  4.1

Action                   |  1- 3 |  4- 6 |  7- 9 | 10-12 || total
-------------------------+-------+-------+-------+-------++-------
Melee: Long sword        |    98 |    72 |   209 |       ||   379
       Headbutt          |    13 |    18 |    79 |    11 ||   121
       Short sword       |       |       |    75 |    41 ||   116
Invok: Donate Gold       |     1 |     1 |     1 |       ||     3
       Vitalisation      |       |       |       |     1 ||     1
  Use: Potion            |       |       |     1 |       ||     1
Armor: Scale mail        |    70 |    40 |    94 |     7 ||   211
Dodge: Dodged            |    35 |    47 |   169 |    23 ||   274
Block: Kite shield       |    62 |    60 |   168 |    22 ||   312
       Rpst.: Long sword |     4 |    12 |    16 |       ||    32

Table legend: (Time is in decaauts)
 A = Elapsed time spent in this place.
 B = Non-inter-level travel time spent in this place.
 C = Inter-level travel time spent in this place.
 D = Time resting spent in this place.
 E = Time spent auto-exploring this place.
 F = Levels seen in this place.
 G = Mean time per level.
                   A        B        C        D        E       F      G
               +--------+--------+--------+--------+--------+-----+--------+
         Total |   8130 |   8098 |     32 |      0 |   5074 |   8 | 1016.2 |
       Dungeon |   8130 |   8098 |     32 |      0 |   5074 |   8 | 1016.2 |
               +--------+--------+--------+--------+--------+-----+--------+

Top non-repeatable levels by time:
     D:3: 2134 daAuts
     D:6: 1155 daAuts
     D:5: 1017 daAuts
     D:1: 910 daAuts
     D:7: 875 daAuts
     D:4: 875 daAuts
     D:2: 845 daAuts
     D:8: 316 daAuts
